Workbook
Name Bond_rating: Data!$M$31:$N$36
Name Econ_chart: Data!$J$13:$N$19
Name Econ_level: Data!$J$22:$J$28
Name Invest_option: Data!$Q$31:$Q$32
Name Land_Builds: Data!$B$13:$F$18
Name Mil_Buildings: Data!$T$3:$T$7
Name MilitaryB_cost: Data!$T$4:$U$7
Name Naval_builds: Data!$B$23:$G$28
Name Ship_size: Data!$B$32:$J$37
Name Ship_types: Data!$B$31:$B$37
Name ShipQlookup: Data!$B$40:$C$45
Name Weapon_Quality: Data!$D$2:$D$8
Name Yes_No: Data!$B$4:$B$6

Sheet Econ
A1: Economía
B2: V2.1
A3: País | B3: Gran Bretaña | G3: Año: | H3: 1900
A4: Población (millones) | B4: 34.6 | C4: (4 millones de Irlandeses) | G4: Crec: | H4: Lento
A5: Población Tasable (millones): | B5: =B4-Militar!P12 -> 28.39
A6: Nivel Económico (I.D.H): | B6: Próspero
A7: Ingresos: | G7: Creditos en Vigor | I7: 0
A8: Nacionales: | B8: =(VLOOKUP(B6,Econ_chart,5,FALSE))*B5 -> 269.705 | G8: Pago de Intereses | I8: =I7*J13 -> 0
A9: Colonial/Ferrocarril | B9: =Colonias!C7+Ferrocarriles!D1 -> 377 | H9: Total | I9: =SUM(I7:I8) -> 0
A10: Saldo anterior presupuesto: | B10: 65
A11: Mantenimiento: | B11: =Militar!O12 -> 200
J12: Intereses
G13: Calif. Deuda: | I13: A | J13: 0.15
A15: Balance Neto | B15: =B8+B9+B10-B11 -> 511.705
A18: Recursos
B20: Industria | C20: Comida | D20: Mat Primas | E20: Exóticos | F20: Carbón | G20: Hierro | I20: Tabla de precios
A21: Nacional | B21: 24 | C21: 6 | D21: 4 | E21: 0 | F21: 3 | G21: 2 | K21: Mercado Mundial | M21: Mercado Cautivo
A22: Ultramar | B22: 11 | C22: 0 | D22: 6 | E22: 6 | F22: 0 | G22: 0 | J22: Base $ | K22: Compra | L22: Venta | M22: Compra | N22: Venta
A23: Producción Total: | B23: =SUM(B21:B22) -> 35 | C23: =SUM(C21:C22) -> 6 | D23: =SUM(D21:D22) -> 10 | E23: =SUM(E21:E22) -> 6 | F23: =SUM(F21:F22) -> 3 | G23: =SUM(G21:G22) -> 2 | I23: Bienes | J23: 28 | K23: =J23+(J23*0.3) -> 36.4 | L23: =J23-(J23*0.3) -> 19.6 | M23: =J23-(J23*0.2) -> 22.4 | N23: =J23+(J23*0.2) -> 33.6
A24: Necesidades: | B24: =B4/(VLOOKUP(B6,Econ_chart,2,FALSE)) -> 6.2909091 | C24: =ROUNDUP(B4/(VLOOKUP(B6,Econ_chart,3,FALSE)),0) -> 16 | D24: 0 | E24: =ROUNDUP(B4/(VLOOKUP(B6,Econ_chart,4,FALSE)),0) -> 6 | F24: 0 | G24: 0 | I24: Comida | J24: 10 | K24: =J24+(J24*0.3) -> 13 | L24: =J24-(J24*0.3) -> 7 | M24: =J24-(J24*0.2) -> 8 | N24: =J24+(J24*0.2) -> 12
A25: Balance: | B25: =-B24 -> -6.2909091 | C25: =C21-C24 -> -10 | D25: =D23 -> 10 | E25: =E23-E24 -> 0 | F25: =F23 -> 3 | G25: =G23 -> 2 | I25: Exóticos | J25: 12 | K25: =J25+(J25*0.3) -> 15.6 | L25: =J25-(J25*0.3) -> 8.4 | M25: =J25-(J25*0.2) -> 9.6 | N25: =J25+(J25*0.2) -> 14.4
A26: 2 Exóticos en Nigeria y Jamaica. 1 en Kenia y Malasia | I26: Mat. Primas | J26: 10 | K26: =J26+(J26*0.3) -> 13 | L26: =J26-(J26*0.3) -> 7 | M26: =J26-(J26*0.2) -> 8 | N26: =J26+(J26*0.2) -> 12
A27: 4 Industrias en India, 4 en El Cabo, 2 en Canada. 1 en Australia. | I27: Carbón | J27: 10 | K27: =J27+(J27*0.3) -> 13 | L27: =J27-(J27*0.3) -> 7 | M27: =J27-(J27*0.2) -> 8 | N27: =J27+(J27*0.2) -> 12
A28: 6 Materias primas en India | I28: Hierro | J28: 10 | K28: =J28+(J28*0.3) -> 13 | L28: =J28-(J28*0.3) -> 7 | M28: =J28-(J28*0.2) -> 8 | N28: =J28+(J28*0.2) -> 12
I29: Petroleo* | J29: 10 | K29: =J29+(J29*0.3) -> 13 | L29: =J29-(J29*0.3) -> 7 | M29: =J29-(J29*0.2) -> 8 | N29: =J29+(J29*0.2) -> 12 | O29: * - No disponible hasta 1905
A31: Recursos en Mercados Cautivos | B31: =Colonias!D6 -> Bienes | C31: =Colonias!E6 -> Comida | D31: =Colonias!F6 -> Mat Primas | E31: =Colonias!G6 -> Exóticos | F31: =Colonias!H6 -> Carbón | G31: =Colonias!I6 -> Hierro
A32: Les compramos | B32: =SUM(Colonias!D7) -> 1 | C32: =SUM(Colonias!E7) -> 7 | D32: =SUM(Colonias!F7) -> 14 | E32: =SUM(Colonias!G7) -> 8 | F32: 4 | G32: =SUM(Colonias!I7) -> 2
A33: Les vendemos | B33: =Colonias!K7 -> 22 | C33: =Colonias!L7 -> 0 | D33: =Colonias!M7 -> 1 | E33: =Colonias!N7 -> 1 | F33: =Colonias!O7 -> 0 | G33: =Colonias!P7 -> 0
A34: Compras no cubiertas | B34: =B32-J61 -> 0 | C34: =C32-K61 -> 0 | D34: =D32-L61 -> 0 | E34: =E32-M61 -> 0 | F34: =F32-N61 -> 0 | G34: =G32-O61 -> 0 | H34: No factorizado automáticamente - deberá ser adquirido en la linea correspondiente de comercio.
A35: Ventas no cubiertas | B35: =B33-B61 -> 0 | C35: =C33-C61 -> 0 | D35: =D33-D61 -> 0 | E35: =E33-E61 -> 0 | F35: =F33-F61 -> 0 | G35: =G33-G61 -> 0 | H35: Si el valor es distinto de cero la demanda no habrá sido cubierta resultando en problemas políticos y/o posibles contracciones del mercado.
A37: Comercio y producción
B39: (Exportaciones/Ventas/Envíos) | J39: (Importaciones/Compras/Recepciones)
A40: País | B40: Bienes | C40: Comida | D40: Mat Primas | E40: Exóticos | F40: Carbón | G40: Hierro | H40: Efectivo | J40: Bienes | K40: Comida | L40: Mat Primas | M40: Exóticos | N40: Carbón | O40: Hierro | P40: Efectivo
A41: Rumania (hasta 1904) | H41: 10 | K41: 1
A42: Venezuela (hasta 1904) | H42: 10 | L42: 1
A43: Guatemala (hasta 1904) | H43: 10 | K43: 1
A44: Otomanos (Indefinido) | B44: 3 | C44: 1 | E44: 1 | H44: 20 | L44: 2 | P44: 106
A45: Peru (hasta 1903) | H45: 10 | O45: 1
A46: Argentina (hasta 1903) | H46: 30 | K46: 2 | L46: 2
A47: Suecia (hasta 1903) | E47: 1 | P47: 12
A48: Siam (hasta 1903) | B48: 1 | P48: 28
A49: Brasil (hasta 1903) | B49: 2 | P49: 56
A61: Mercados Cautivos | B61: 22 | D61: 1 | E61: 1 | H61: =-((J61*M23)+(K61*M24)+(L61*M26)+(M61*M25)+(N61*M27)+(O61*M28)) -> -315.2 | J61: 1 | K61: 7 | L61: 14 | M61: 8 | N61: 4 | O61: 2 | P61: =(B61*N23)+(C61*N24)+(D61*N26)+(E61*N25)+(F61*N27)+(G61*N28) -> 765.6
A62: Mercado Mundial | F62: 2 | H62: =-((J62*K23)+(K62*K24)+(L62*K26)+(M62*K25)+(N62*K27)+(O62*K28)) -> -13 | L62: 1 | P62: =-((B62*L23)+(C62*L24)+(D62*L26)+(E62*L25)+(F62*L27)+(G62*L28)) -> -14
A63: Total | B63: =SUM(B41:B62) -> 28 | C63: =SUM(C41:C62) -> 1 | D63: =SUM(D41:D62) -> 1 | E63: =SUM(E41:E62) -> 3 | F63: =SUM(F41:F62) -> 2 | G63: =SUM(G41:G62) -> 0 | H63: =SUM(H61:H62)-SUM(H41:H60) -> -418.2 | I63: Total | J63: =SUM(J41:J62) -> 1 | K63: =SUM(K41:K62) -> 11 | L63: =SUM(L41:L62) -> 20 | M63: =SUM(M41:M62) -> 8 | N63: =SUM(N41:N62) -> 4 | O63: =SUM(O41:O62) -> 3 | P63: =SUM(P41:P61)-P62 -> 981.6
B65: =Colonias!D73 -> 0 | C65: =Colonias!E73 -> 0 | D65: =Colonias!F73 -> 0 | E65: =Colonias!G73 -> 0 | F65: =Colonias!H73 -> 0 | G65: =Colonias!I73 -> 0 | H65: Balance
A66: Balance de recursos | B66: =B25-B63+J63 -> -33.290909 | C66: =C25-C63+K63 -> 0 | D66: =D25-D63+L63 -> 29 | E66: =E25-E63+M63 -> 5 | F66: =F25-F63+N63 -> 5 | G66: =G25-G63+O63 -> 5 | H66: =B15+H63+P63 -> 1075.105
A69: Producción de Bienes | B69: Bienes/IP | C69: Comida | D69: Mat Primas | E69: Exóticos | F69: Carbón | G69: Hierro | H69: Efectivo | I69: Industria
A70: Usando 1 Ind + 1 Mat Prima | D70: =B70 -> 0 | I70: =B70 -> 0
A71: Usando 2 Ind + 1 Carbón + 1 Hiero | F71: =B71 -> 0 | G71: =B71 -> 0 | I71: =B71*2 -> 0
A72: 1 Industria Pesada (IP) = 1 Ind+1 Hierro+ 1 Carbón | F72: =B72 -> 0 | G72: =B72 -> 0 | I72: =B72 -> 0
A73: Exóticos = 1 Ind + 6 $ | E73: 0 | H73: =E73*6 -> 0 | I73: =E73 -> 0
A74: Balance | B74: =B66+B70+(B71*2) -> -33.290909 | C74: =C66 -> 0 | D74: =D66-D70 -> 29 | E74: =E73+E66 -> 5 | F74: =F66-F71-F72 -> 5 | G74: =G66-G71-G72 -> 5 | H74: =H66-H73 -> 1075.105 | I74: =B23-I70-I71-I72-I73 -> 35
A76: Gastos
A78: Inversiones en recursos
A79: Inversión | B79: Coste | C79: % Base | D79: ¿Invertir? | E79: % Increm. | F79: Probabilidad de éxito | G79: Coste | H79: ¿FFCC?
A81: Industria | B81: 100 | C81: 0.33 | D81: No | E81: =IF(H81="Si",0.4,0.33) -> 0.33 | F81: =IF(D81="Si",(IF((C81+E81)>1,1,(C81+E81)))," ") | G81: =IF(D81="Continue",5,(IF(D81="Si",(IF((C81+E81)>1,5,B81))," "))) | H81: No
A82: Carbón | B82: 60 | C82: 0 | D82: No | E82: =IF(H82="Si",0.4,0.33) -> 0.33 | F82: =IF(D82="Si",(IF((C82+E82)>1,1,(C82+E82)))," ") | G82: =IF(D82="Continue",5,(IF(D82="Si",(IF((C82+E82)>1,5,B82))," "))) | H82: No
A83: Hierro | B83: 65 | C83: 0 | D83: No | E83: =IF(H83="Si",0.4,0.33) -> 0.33 | F83: =IF(D83="Si",(IF((C83+E83)>1,1,(C83+E83)))," ") | G83: =IF(D83="Continue",5,(IF(D83="Si",(IF((C83+E83)>1,5,B83))," "))) | H83: No
A84: Mat Primas | B84: 65 | C84: 0.33 | D84: No | E84: =IF(H84="Si",0.4,0.33) -> 0.33 | F84: =IF(D84="Si",(IF((C84+E84)>1,1,(C84+E84)))," ") | G84: =IF(D84="Continue",5,(IF(D84="Si",(IF((C84+E84)>1,5,B84))," "))) | H84: No
B85: =IF(A85="","",VLOOKUP(A85,Colonias!$B$40:$E$63,4,FALSE)) | C85: =IF(A85="",0,VLOOKUP(A85,Colonias!$B$40:$F$63,5,FALSE)) -> 0 | D85: No | E85: =IF(H85="Si",0.4,0.33) -> 0.33 | F85: =IF(D85="Si",(IF((C85+E85)>1,1,(C85+E85)))," ") | G85: =IF(D85="Continue",5,(IF(D85="Si",(IF((C85+E85)>1,5,B85))," "))) | H85: =IF(A85="","No",VLOOKUP(A85,Colonias!$B$40:$G$63,6,FALSE)) -> No
B86: =IF(A86="","",VLOOKUP(A86,Colonias!$B$40:$E$63,4,FALSE)) | C86: =IF(A86="",0,VLOOKUP(A86,Colonias!$B$40:$F$63,5,FALSE)) -> 0 | D86: No | E86: =IF(H86="Si",0.4,0.33) -> 0.33 | F86: =IF(D86="Si",(IF((C86+E86)>1,1,(C86+E86)))," ") | G86: =IF(D86="Continue",5,(IF(D86="Si",(IF((C86+E86)>1,5,B86))," "))) | H86: =IF(A86="","No",VLOOKUP(A86,Colonias!$B$40:$G$63,6,FALSE)) -> No
B87: =IF(A87="","",VLOOKUP(A87,Colonias!$B$40:$E$63,4,FALSE)) | C87: =IF(A87="",0,VLOOKUP(A87,Colonias!$B$40:$F$63,5,FALSE)) -> 0 | D87: No | E87: =IF(H87="Si",0.4,0.33) -> 0.33 | F87: =IF(D87="Si",(IF((C87+E87)>1,1,(C87+E87)))," ") | G87: =IF(D87="Continue",5,(IF(D87="Si",(IF((C87+E87)>1,5,B87))," "))) | H87: =IF(A87="","No",VLOOKUP(A87,Colonias!$B$40:$G$63,6,FALSE)) -> No
B88: =IF(A88="","",VLOOKUP(A88,Colonias!$B$40:$E$63,4,FALSE)) | C88: =IF(A88="",0,VLOOKUP(A88,Colonias!$B$40:$F$63,5,FALSE)) -> 0 | D88: No | E88: =IF(H88="Si",0.4,0.33) -> 0.33 | F88: =IF(D88="Si",(IF((C88+E88)>1,1,(C88+E88)))," ") | G88: =IF(D88="Continue",5,(IF(D88="Si",(IF((C88+E88)>1,5,B88))," "))) | H88: =IF(A88="","No",VLOOKUP(A88,Colonias!$B$40:$G$63,6,FALSE)) -> No
B89: =IF(A89="","",VLOOKUP(A89,Colonias!$B$40:$E$63,4,FALSE)) | C89: =IF(A89="",0,VLOOKUP(A89,Colonias!$B$40:$F$63,5,FALSE)) -> 0 | D89: No | E89: =IF(H89="Si",0.4,0.33) -> 0.33 | F89: =IF(D89="Si",(IF((C89+E89)>1,1,(C89+E89)))," ") | G89: =IF(D89="Continue",5,(IF(D89="Si",(IF((C89+E89)>1,5,B89))," "))) | H89: =IF(A89="","No",VLOOKUP(A89,Colonias!$B$40:$G$63,6,FALSE)) -> No
F90: Total | G90: =SUM(G81:G89) -> 0
A91: Inversiones infraestructuras
A92: FFCC | B92: Coste | C92: Años | D92: ¿Invertir? | E92: IP | F92: Coste
B93: =IF(A93="","",VLOOKUP(A93,Ferrocarriles!$G$5:$I$18,2,FALSE)) | C93: =IF(A93="","",VLOOKUP(A93,Ferrocarriles!$G$5:$I$18,3,FALSE)) | D93: No | E93: =IF(D93="Si",1,0) -> 0 | F93: =IF(D93="Si",B93,0) -> 0
B94: =IF(A94="","",VLOOKUP(A94,Ferrocarriles!$G$5:$I$18,2,FALSE)) | C94: =IF(A94="","",VLOOKUP(A94,Ferrocarriles!$G$5:$I$18,3,FALSE)) | D94: No | E94: =IF(D94="Si",1,0) -> 0 | F94: =IF(D94="Si",B94,0) -> 0
B95: =IF(A95="","",VLOOKUP(A95,Ferrocarriles!$G$5:$I$18,2,FALSE)) | C95: =IF(A95="","",VLOOKUP(A95,Ferrocarriles!$G$5:$I$18,3,FALSE)) | D95: No | E95: =IF(D95="Si",1,0) -> 0 | F95: =IF(D95="Si",B95,0) -> 0
B96: =IF(A96="","",VLOOKUP(A96,Ferrocarriles!$G$5:$I$18,2,FALSE)) | C96: =IF(A96="","",VLOOKUP(A96,Ferrocarriles!$G$5:$I$18,3,FALSE)) | D96: No | E96: =IF(D96="Si",1,0) -> 0 | F96: =IF(D96="Si",B96,0) -> 0
D97: Total | E97: =SUM(E93:E96) -> 0 | F97: =SUM(F93:F96) -> 0
E98: =IF(E97>B72,"Need to build more HI points to complete this investment(s)"," ")
A100: Inversiones otros paises (Necesario el permiso del país soberano)
A101: País/Inversión | B101: Coste | F101: Coste | G101: FFCC
F102: =B102 -> 0 | G102: No
F103: =B103 -> 0 | G103: No
F104: =B104 -> 0 | G104: No
F105: =B105 -> 0 | G105: No
E106: Total: | F106: =SUM(F102:F105) -> 0
A108: Investigaciones tecnológicas
C109: Inicio | E109: Fin
A110: Tecnología | B110: Coste | C110: % | D110: ¿Invertir? | E110: % | F110: Coste
A111: (AL) Armas Ligeras B | B111: 30 | C111: 0.2 | D111: No | E111: =IF(D111="Si",(C111+0.2),IF(D111="Continue",(C111)," ")) | F111: =IF(D111="Si",B111,IF(D111="Continue",5,""))
A112: (AM) Ametralladoras B | B112: 30 | C112: 0 | D112: No | E112: =IF(D112="Si",(C112+0.2),IF(D112="Continue",(C112)," ")) | F112: =IF(D112="Si",B112,IF(D112="Continue",5,""))
A113: (AC) Artillería de Campaña C | B113: 30 | C113: 0.2 | D113: No | E113: =IF(D113="Si",(C113+0.2),IF(D113="Continue",(C113)," ")) | F113: =IF(D113="Si",B113,IF(D113="Continue",5,""))
A114: (AA) Artilería de Asedio B | B114: 30 | C114: 0.2 | D114: No | E114: =IF(D114="Si",(C114+0.2),IF(D114="Continue",(C114)," ")) | F114: =IF(D114="Si",B114,IF(D114="Continue",5,""))
A115: (Ac) Acorazados A+ | B115: 60 | C115: 0.2 | D115: No | E115: =IF(D115="Si",(C115+0.2),IF(D115="Continue",(C115)," ")) | F115: =IF(D115="Si",B115,IF(D115="Continue",5,""))
A116: (Cr) Cruceros A+ | B116: 60 | C116: 0 | D116: No | E116: =IF(D116="Si",(C116+0.2),IF(D116="Continue",(C116)," ")) | F116: =IF(D116="Si",B116,IF(D116="Continue",5,""))
A117: (BM) Buques Menores A+ | B117: 60 | C117: 0 | D117: No | E117: =IF(D117="Si",(C117+0.2),IF(D117="Continue",(C117)," ")) | F117: =IF(D117="Si",B117,IF(D117="Continue",5,""))
A118: (Su) Submarinos D | B118: 40 | C118: 0.2 | D118: No | E118: =IF(D118="Si",(C118+0.2),IF(D118="Continue",(C118)," ")) | F118: =IF(D118="Si",B118,IF(D118="Continue",5,"")) | G118: =IF(D118="Continue","New roll to complete investment at current %"," ")
A119: Sintéticos I | B119: 40 | C119: 0 | D119: No | E119: =IF(D119="Si",(C119+0.2),IF(D119="Continue",(C119)," ")) | F119: =IF(D119="Si",B119,IF(D119="Continue",5,""))
E120: Total | F120: =SUM(F111:F118) -> 0
E121: Balance efectivo | F121: =H74-G90-F106-F120-F97 -> 1075.105
A123: Construcción de armamento y unidades militares
A124: IP Disponible | B124: =B72-E97 -> 0 | D124: Efectivo | E124: =F121 -> 1075.105
B125: =IF(B124<0,"Not enough HI ava"," ")
B126: IP
A127: Ejercito | B127: 0
...

Sheet Militar
A2: Información Militar
A5: Info Ejército
B6: Inf Reg | C6: Tec | D6: Inf res | E6: Tec | F6: AM | G6: Tec | H6: AC | I6: Tec | J6: AA | K6: Tec | N6: Total Mantenimiento Militar:
A7: Localización | O7: Coste | P7: Fza Lab
A8: Gran Bretaña | B8: 4 | C8: E | D8: 10 | E8: E | F8: 3 | G8: E | H8: 3 | I8: E | J8: 1 | K8: E | N8: Ejerc | P8: =B37/1000000 -> 4.4
A9: Canada | B9: 2 | C9: E | F9: 2 | G9: E | H9: 1 | I9: E | J9: 0 | N9: Marina | O9: =B70 -> 91 | P9: =B71 -> 1.81
A10: Australia | B10: 1 | C10: E
A11: India | B11: 3 | C11: E | H11: 1 | I11: E | N11: Instalaciones | O11: =B107 -> 109
A12: El Cabo | B12: 1 | C12: E | N12: Total | O12: =SUM(O9:O11) -> 200 | P12: =P8+P9 -> 6.21
A13: Gibraltar | B13: 5000 Men
A14: Malta | B14: 5000 Men
A15: Port Said | B15: 5000 Men
A16: Hong Kong | B16: 5000 Men | M16: Tropas Commonwealth:
A17: Singapur | B17: 5000 Men | C17: E | M17: Location: | N17: Regular | O17: Reserva | P17: Training Efficiency
M19: Canada | N19: 3(E) | O19: 5(E) | P19: Sobre la media
M20: Australia | N20: 2(E) | O20: 2(E) | P20: Media
M21: New Zealand | N21: 1(E) | O21: 1(E) | P21: Media
M22: India Gurkhas | N22: 2(E) | P22: Sobre la media
M23: India Reg | N23: 6(E) | O23: 10(F) | P23: Bajo la media
M24: Hannover | N24: 1(E) | O24: 1(E) | P24: Media
A25: Total | B25: =SUM(B8:B24) -> 11 | D25: =SUM(D8:D24) -> 10 | F25: =SUM(F8:F24) -> 5 | H25: =SUM(H8:H24) -> 5 | J25: =SUM(J8:J24) -> 1
A26: 8 AL Nivel C
A28: Eficiencia Militar | B28: Sobre la media | F28: Coste de Entrenamiento Ejército: | G28: =B25+D25+H25+J25 -> 27 | I28: Balance | J28: =Econ!G204 -> 1075.105
A29: Cuerpo Voluntarios: | B29: Si | G29: 15% entrenado
A30: Mobilization: | B30: 6 sem | E30: Entrenamiento Ejercito
E31: País | H31: Coste | I31: Notas
B34: Fza Laboral
A35: Regulares | B35: =(B25+H25+J25)*200000 -> 3400000
A36: Reserva | B36: =D25*100000 -> 1000000 | G36: Total | H36: =SUM(H32:H35) -> 0
A37: Total | B37: =SUM(B35:B36) -> 4400000
G39: Costes de mobilización anual
G40: Inf | H40: AC | I40: AA | J40: AM
F41: Guerra Total | G41: 4 | H41: 8 | I41: 16 | J41: 1
F42: Conflicto Transfonterizo | G42: 8 | H42: 16 | I42: 32 | J42: 2
F43: Expediciones coloniales | G43: 16 | H43: 32 | I43: 48 | J43: 4
A47: Info Naval
A48: Localización | B48: Ac | C48: Tec | D48: Cr | E48: Tec | F48: Su | G48: Tec | H48: Destruc | I48: Tec | J48: Cañonera | K48: Tec | L48: Transporte
A50: Home Fleet | B50: 17 | C50: E | D50: 10 | E50: D | F50: 1 | G50: C | H50: 28 | I50: C | L50: 6
A51: Home Fleet II | D51: 9 | E51: E | H51: 3 | I51: D | J51: 3 | K51: D
A52: Home Fleet III | B52: 6 | C52: B | D52: 3 | E52: B
A53: Mediterraneo | B53: 4 | C53: E | D53: 12 | E53: E | H53: 16 | I53: E | J53: 2 | K53: E
A54: Mediterraneo | D54: 2 | E54: C
A55: Indico | B55: 2 | C55: E | D55: 5 | E55: E | H55: 10 | I55: E | J55: 4 | K55: E | L55: 2
A56: Caribe | B56: 1 | D56: 3 | E56: E | H56: 9 | I56: E
A57: Australia | D57: 2 | E57: E | H57: 8 | I57: E | L57: 1
A58: Hong Kong | B58: 2 | C58: E | D58: 4 | E58: E | H58: 9 | I58: E | J58: 8 | K58: E
A59: Atlantico Sur | D59: 3 | E59: E | H59: 6 | I59: E | J59: 2 | K59: E
A64: Total: | B64: =SUM(B50:B63) -> 32 | D64: =SUM(D50:D63) -> 53 | F64: =SUM(F50:F63) -> 1 | H64: =SUM(H50:H63) -> 89 | J64: =SUM(J50:J63) -> 19 | L64: =SUM(L50:L63) -> 9
A68: Eficiencia Militar | B68: Excelente | F68: Coste Entrenamiento Naval | G68: =B69*0.5 -> 181
A69: Modulos Navales | B69: =(B64*4)+(D64*2)+(F64*2)+(H64*1)+(J64*1)+(L64*2) -> 362
A70: Mant. Marina | B70: =ROUNDUP((B69/20)*5,0) -> 91 | E70: Entrenamiento Marina
A71: Fza Laboral | B71: =ROUNDUP((B69/20)*0.1,2) -> 1.81 | C71: (million) | E71: Pais | H71: Coste | I71: Notas
G76: Total | H76: =SUM(H72:H75) -> 0
G77: Balance | H77: =J28-H36-H76 -> 1075.105
A80: Info Inst Militares
A81: Puertos | B81: Cantidad | C81: Coste | D81: Localización
A82: Metropoli | B82: 8 | D82: Plymouth, London, Belfast, Liverpool, Glasgow, Newcastle, Scapa Flow, Dublin
A83: Otros | B83: 35 | C83: =B83 -> 35 | D83: Atlantico Norte: St. John (Newfoundland), Halifax, Bermuda
D84: Caribe: Kingston, Port Spain (Trinidad y Tobago)
D85: Atlantico Sur: Bathurst, Freetown, Gold Coast Castle, Cape Town, St. Helena
D86: Mediterraneo: Gibraltar, Malta, Alejandria, Port Said, Limasol (Chipre)
D87: Índico: Aden, Bahrein, Karachi, Bombay, Colombo, Madras, Calcuta, Rangoon, Durban, Mombasa, Zanzibar, Mauricio, Seychelles, Fremantle (Australia)
D88: Pacific: Singapur, Hong Kong, Darwin, Wellington, Auckland, Sydney
A91: Astilleros | B91: Cantidad | C91: Coste | D91: Localización
A92: Metropoli | B92: 16 | D92: 2 Astilleros por puerto en la Metrópoli
A93: Otros | B93: 6 | C93: =B93 -> 6 | D93: Atlantico Norte: St. John Newfoundland - (2), Halifax, Bermuda
D95: Índico: Bombai(2), Calcuta (2), El Cabo (2)
D96: Pacífico: Sidney
A98: Fuertes | B98: Cantidad | C98: Coste | D98: Localización
B99: 20 | C99: =B99*2 -> 40 | D99: Plymouth, London, Hong Kong, Gold Coast Castle, Stanley, Freetown, Cape Town, Bermuda, Sydney, Mauritius, Belfast, Liverpool, Glasgow, Singapore, Thunder Bay, Vancouver, Kingston, St. Catherine’s Forge, Ottowa, Toronto (last 6 all in Canada)
A102: Fortalezas | B102: Cantidad | C102: Coste | D102: Localización
B103: 7 | C103: =B103*4 -> 28 | D103: Colombo (Sri Lanka), Malta, Gibraltar, Aden, Sault Ste. Marie, Montreal, Quebec (los 3 últimos en Canadá)
A107: Total: | B107: =C83+C93+C99+C103 -> 109
C110: End Cash | D110: =H77 -> 1075.105

Sheet Colonias
B1: Colonias, Mercados e Inversiones Cautivas
B3: Mercados Cautivos
C5: Aportan | K5: Necesitan
C6: Efectivo | D6: Bienes | E6: Comida | F6: Mat Primas | G6: Exóticos | H6: Carbón | I6: Hierro | K6: Bienes | L6: Comida | M6: Mat Primas | N6: Exóticos | O6: Carbón | P6: Hierro
C7: =SUM(C11:C35) -> 326 | D7: =SUM(D11:D35) -> 1 | E7: =SUM(E11:E35) -> 7 | F7: =SUM(F11:F35) -> 14 | G7: =SUM(G11:G35) -> 8 | H7: =SUM(H11:H35) -> 3 | I7: =SUM(I11:I35) -> 2 | K7: =SUM(K11:K35) -> 22 | L7: =SUM(L11:L35) -> 0 | M7: =SUM(M11:M35) -> 1 | N7: =SUM(N11:N35) -> 1 | O7: =SUM(O11:O35) -> 0 | P7: =SUM(P11:P35) -> 0
C9: Dispone | K9: Necesita
C10: Efectivo | D10: Bienes | E10: Comida | F10: Mat Primas | G10: Exóticos | H10: Carbón | I10: Hierro | K10: Bienes | L10: Comida | M10: Mat Primas | N10: Exóticos | O10: Carbón | P10: Hierro
B11: India | C11: 125 | D11: 0 | E11: 0 | F11: 4 | G11: 5 | H11: 0 | I11: 0 | K11: 6 | L11: 0 | M11: 0 | N11: 0 | O11: 0 | P11: 0
B12: Canada | C12: 0 | D12: 0 | E12: 2 | F12: 0 | G12: 0 | H12: 0 | I12: 1 | K12: 0 | L12: 0 | M12: 0 | N12: 0 | O12: 0 | P12: 0
B13: Ferrocarril Trans Canadiense | C13: 10 | D13: 0 | E13: 0 | F13: 0 | G13: 0 | H13: 0 | I13: 0 | K13: 1 | L13: 0 | M13: 0 | N13: 1 | O13: 0 | P13: 0
B14: Red Nacional Brasileña | C14: 0 | D14: 0 | E14: 0 | F14: 0 | G14: 1 | H14: 0 | I14: 0 | K14: 1 | L14: 0 | M14: 0 | N14: 0 | O14: 0 | P14: 0
B15: Australia y NZ | C15: 0 | D15: 0 | E15: 3 | F15: 3 | G15: 0 | H15: 0 | I15: 0 | K15: 1 | L15: 0 | M15: 0 | N15: 0 | O15: 0 | P15: 0
B16: Hannover | C16: 0 | D16: 1 | E16: 0 | F16: 0 | G16: 0 | H16: 0 | I16: 0 | K16: 0 | L16: 0 | M16: 1 | N16: 0 | O16: 0 | P16: 0
B17: Jamaica | C17: 7 | D17: 0 | E17: 0 | F17: 0 | G17: 0 | H17: 0 | I17: 0 | K17: 1 | L17: 0 | M17: 0 | N17: 0 | O17: 0 | P17: 0
B18: Egipto | C18: 57 | D18: 0 | E18: 1 | F18: 3 | G18: 0 | H18: 0 | I18: 0 | K18: 2 | L18: 0 | M18: 0 | N18: 0 | O18: 0 | P18: 0
B19: Sudán | C19: 7 | D19: 0 | E19: 0 | F19: 0 | G19: 0 | H19: 0 | I19: 0 | K19: 0 | L19: 0 | M19: 0 | N19: 0 | O19: 0 | P19: 0
B20: Nigeria | C20: 15 | D20: 0 | E20: 0 | F20: 0 | G20: 0 | H20: 0 | I20: 0 | K20: 1 | L20: 0 | M20: 0 | N20: 0 | O20: 0 | P20: 0
B21: China | C21: 0 | D21: 0 | E21: 1 | F21: 3 | G21: 2 | H21: 3 | I21: 1 | K21: 9 | L21: 0 | M21: 0 | N21: 0 | O21: 0 | P21: 0
B22: Guyana/Honduras | C22: 5 | D22: 0 | E22: 0 | F22: 0 | G22: 0 | H22: 0 | I22: 0 | K22: 0 | L22: 0 | M22: 0 | N22: 0 | O22: 0 | P22: 0
... B35: Antillas Británicas | C35: 0 | D35: 0 | E35: 0 | F35: 0 | G35: 0 | H35: 0 | I35: 0 | K35: 0 | L35: 0 | M35: 0 | N35: 0 | O35: 0 | P35: 0
B38: Inversiones disponibles
B39: Descripción | C39: Pais | D39: Recurso | E39: Coste | F39: % | G39: FFCC
B40: =_xlfn.CONCAT(D40," en ",C40) -> Comida en Irlanda | C40: Irlanda | D40: Comida | E40: 65 | F40: 0.33 | G40: No
B41: =_xlfn.CONCAT(D41," en ",C41) -> Exótico 1 en India | C41: India | D41: Exótico 1 | E41: 55 | F41: 0 | G41: No
B42: =_xlfn.CONCAT(D42," en ",C42) -> Comida 1 en India | C42: India | D42: Comida 1 | E42: 60 | F42: 0.33 | G42: No
B43: =_xlfn.CONCAT(D43," en ",C43) -> Industria en Canada | C43: Canada | D43: Industria | E43: 85 | F43: 0.33 | G43: No
B44: =_xlfn.CONCAT(D44," en ",C44) -> Hierro 1 en Canada | C44: Canada | D44: Hierro 1 | E44: 60 | F44: 0 | G44: No
B45: =_xlfn.CONCAT(D45," en ",C45) -> Hierro 2 en Canada | C45: Canada | D45: Hierro 2 | E45: 60 | F45: 0 | G45: No
B46: =_xlfn.CONCAT(D46," en ",C46) -> Comida 1 en Canada | C46: Canada | D46: Comida 1 | E46: 60 | F46: 0.33 | G46: No
B47: =_xlfn.CONCAT(D47," en ",C47) -> Comida 2 en Canada | C47: Canada | D47: Comida 2 | E47: 60 | F47: 0 | G47: No
B48: =_xlfn.CONCAT(D48," en ",C48) -> Mat prima en Canada | C48: Canada | D48: Mat prima | E48: 70 | F48: 0 | G48: Si
B49: =_xlfn.CONCAT(D49," en ",C49) -> Mat Prima en Australia | C49: Australia | D49: Mat Prima | E49: 60 | F49: 0.33 | G49: No
B50: =_xlfn.CONCAT(D50," en ",C50) -> Comida 1 en Australia | C50: Australia | D50: Comida 1 | E50: 65 | F50: 0 | G50: No
B51: =_xlfn.CONCAT(D51," en ",C51) -> Comida 2 en Australia | C51: Australia | D51: Comida 2 | E51: 65 | F51: 0 | G51: No
... B63: =_xlfn.CONCAT(D63," en ",C63) -> Exótico en Malasia | C63: Malasia | D63: Exótico | E63: 65 | F63: 0 | G63: No

Sheet Ferrocarriles
C1: Total | D1: =SUM(D4:D49) -> 51
A3: Existentes | G3: Disponibles
A4: Proyecto | D4: Ingresa | G4: Proyecto | H4: Coste | I4: Años
A5: Expansión India I | D5: 0 | E5: 1892 | G5: Expansión India II | H5: 45 | I5: 4
A6: Cabo-Gaborone | D6: 0 | E6: 1893 | G6: Expansión Canada Este | H6: 40 | I6: 2
A7: Gaborone-Bulawayo | D7: 0 | E7: 1894 | G7: Trans Australia | H7: 60 | I7: 3
A8: Canton-Hankow | D8: 23 | E8: 1895 | G8: Lagos-Chad | H8: 35 | I8: 3
A9: Cairo-Asuan | D9: 0 | E9: 1895 | G9: Mombasa-Lago Victoria | H9: 45 | I9: 2
A10: Peking-Hankow | D10: 18 | E10: 1896 | G10: Asuan-Juba | H10: 60 | I10: 1 | J10: 2
A11: Trans Canada | D11: 0 | E11: 1897 | G11: Damasco-Jerusalem | H11: 65 | I11: 2
A12: Red Nacional Brasileña | D12: 10 | E12: 1898 | G12: Damasco-Basora | H12: 65 | I12: 2
G13: Jerusalen-Medina | H13: 65 | I13: 2
G14: Bulawayo-Lusaka | H14: 65 | I14: 1 | J14: 2
G15: Lusaka-Kasama | H15: 65 | I15: 2
G16: Caspio-Bandar Abbás | H16: 50 | I16: 2
G17: Xian-Hankow | H17: 55 | I17: 1 | J17: 2
G18: Luanda-Brazzaville | H18: 50 | I18: 2

Sheet Data
D1: Quality | I1: Land Build Cost | P1: Retool Cost | Q1: Total cost
J2: SA | K2: MG | L2: FA | M2: HA | N2: Count | O2: Retool(s) | T2: Military Installations
B3: Yes/No | D3: A | I3: Line 1 | J3: =IF(Econ!C135>0,(VLOOKUP(Econ!D135,Land_Builds,2)*Econ!C135),0) -> 0 | K3: =IF(Econ!E135>0,(VLOOKUP(Econ!F135,Land_Builds,3)*Econ!E135),0) -> 0 | L3: =IF(Econ!G135>0,(VLOOKUP(Econ!H135,Land_Builds,4)*Econ!G135),0) -> 0 | M3: =IF(Econ!I135>0,(VLOOKUP(Econ!J135,Land_Builds,5)*Econ!I135),0) -> 0 | N3: =COUNTIFS(J3:M3,">0") -> 0 | O3: =IF(N3>0,N3-1,0) -> 0 | P3: =O3*5 -> 0 | Q3: =J3+K3+L3+M3+P3 -> 0
D4: B | I4: Line 2 | J4: =IF(Econ!C136>0,(VLOOKUP(Econ!D136,Land_Builds,2)*Econ!C136),0) -> 0 | K4: =IF(Econ!E136>0,(VLOOKUP(Econ!F136,Land_Builds,3)*Econ!E136),0) -> 0 | L4: =IF(Econ!G136>0,(VLOOKUP(Econ!H136,Land_Builds,4)*Econ!G136),0) -> 0 | M4: =IF(Econ!I136>0,(VLOOKUP(Econ!J136,Land_Builds,5)*Econ!I136),0) -> 0 | N4: =COUNTIFS(J4:M4,">0") -> 0 | O4: =IF(N4>0,N4-1,0) -> 0 | P4: =O4*5 -> 0 | Q4: =J4+K4+L4+M4+P4 -> 0 | T4: Fuerte | U4: 20
B5: No | D5: C | I5: Line 3 | J5: =IF(Econ!C137>0,(VLOOKUP(Econ!D137,Land_Builds,2)*Econ!C137),0) -> 0 | K5: =IF(Econ!E137>0,(VLOOKUP(Econ!F137,Land_Builds,3)*Econ!E137),0) -> 0 | L5: =IF(Econ!G137>0,(VLOOKUP(Econ!H137,Land_Builds,4)*Econ!G137),0) -> 0 | M5: =IF(Econ!I137>0,(VLOOKUP(Econ!J137,Land_Builds,5)*Econ!I137),0) -> 0 | N5: =COUNTIFS(J5:M5,">0") -> 0 | O5: =IF(N5>0,N5-1,0) -> 0 | P5: =O5*5 -> 0 | Q5: =J5+K5+L5+M5+P5 -> 0 | T5: Fortaleza | U5: 30
B6: Si | D6: D | I6: Line 4 | J6: =IF(Econ!C138>0,(VLOOKUP(Econ!D138,Land_Builds,2)*Econ!C138),0) -> 0 | K6: =IF(Econ!E138>0,(VLOOKUP(Econ!F138,Land_Builds,3)*Econ!E138),0) -> 0 | L6: =IF(Econ!G138>0,(VLOOKUP(Econ!H138,Land_Builds,4)*Econ!G138),0) -> 0 | M6: =IF(Econ!I138>0,(VLOOKUP(Econ!J138,Land_Builds,5)*Econ!I138),0) -> 0 | N6: =COUNTIFS(J6:M6,">0") -> 0 | O6: =IF(N6>0,N6-1,0) -> 0 | P6: =O6*5 -> 0 | Q6: =J6+K6+L6+M6+P6 -> 0 | T6: Puerto | U6: 20
D7: E | T7: Astillero | U7: 5
D8: F
B11: Land Builds | J11: Economic System | Q11: Cost to recruit
B12: Quality | C12: SA | D12: MG | E12: FA | F12: HA | K12: Goods | L12: Food | M12: Tropical | N12: Income | P12: Pop: | Q12: =ROUNDUP(Econ!B4,0) -> 35
B13: A | C13: 4 | D13: 4 | E13: 8 | F13: 18 | J13: Boom | K13: 4.5 | L13: 2 | M13: 5 | N13: 13.5 | P13: Divs | Q13: =Militar!B25+Militar!D25+Militar!H25+Militar!J25 -> 27
B14: B | C14: 4 | D14: 4 | E14: 7 | F14: 16 | J14: Fallido | K14: 8 | L14: 3 | M14: 10 | N14: 3.5 | P14: 1.5 | Q14: =Q12*1.5 -> 52.5
B15: C | C15: 3 | D15: 3 | E15: 6 | F15: 14 | J15: Recesión | K15: 7.5 | L15: 2.75 | M15: 10 | N15: 5 | P15: Vol | Q15: =IF(Militar!B29="Yes",5,0) -> 0
B16: D | C16: 3 | D16: 3 | E16: 6 | F16: 12 | J16: Normal | K16: 6 | L16: 2.5 | M16: 7 | N16: 8 | P16: Inf cost | Q16: =IF(Q13>Q14,5,0) -> 0 | R16: =IF(Q13<Q12,-5,0) -> -5 | S16: =IF(Q13>(Q12*2),5,0) -> 0
B17: E | C17: 3 | D17: 3 | E17: 6 | F17: 12 | J17: Próspero | K17: 5.5 | L17: 2.25 | M17: 6 | N17: 9.5 | P17: Reg Troops | Q17: =10+Q15+Q16+R16 -> 5
B18: F | C18: 3 | D18: 3 | E18: 6 | F18: 12 | J18: Estancado | K18: 7 | L18: 2.75 | M18: 9 | N18: 6.5 | P18: Res Troops | Q18: =10+Q15+R16+S16 -> 5
J19: Exitoso | K19: 5 | L19: 2.25 | M19: 5 | N19: 11.5
B21: Naval Builds
B22: Quality | C22: GB | D22: DD | E22: CA | F22: Sub | G22: BB | J22: Fallido | M22: Investment Data
B23: A | C23: 3 | D23: 3 | E23: 6 | F23: 6 | G23: 10 | J23: Recesión
B24: B | C24: 3 | D24: 3 | E24: 5 | F24: 5 | G24: 8 | J24: Estancado | M24: =Econ!A81 -> Industria | O24: =Econ!C81+Econ!E81 -> 0.66 | P24: =IF(Econ!F81<1,1,((O24-1)/Econ!E81)) -> -1.030303 | Q24: =1-P24 -> 2.030303
B25: C | C25: 2 | D25: 2 | E25: 4 | F25: 4 | G25: 7 | J25: Normal | M25: =Econ!#REF! -> #REF! | O25: =Econ!#REF!+Econ!#REF! -> #REF! | P25: =IF(Econ!#REF!<1,1,((O25-1)/Econ!#REF!)) -> #REF! | Q25: =1-P25 -> #REF!
B26: D | C26: 2 | D26: 2 | E26: 4 | F26: 4 | G26: 6 | J26: Próspero | M26: =Econ!#REF! -> #REF! | O26: =Econ!#REF!+Econ!#REF! -> #REF! | P26: =IF(Econ!#REF!<1,1,((O26-1)/Econ!#REF!)) -> #REF! | Q26: =1-P26 -> #REF!
B27: E | C27: 2 | D27: 2 | E27: 4 | F27: 4 | G27: 6 | J27: Exitoso | M27: =Econ!#REF! -> #REF! | O27: =Econ!#REF!+Econ!#REF! -> #REF! | P27: =IF(Econ!#REF!<1,1,((O27-1)/Econ!#REF!)) -> #REF! | Q27: =1-P27 -> #REF!
B28: F | C28: 2 | D28: 2 | E28: 4 | F28: 4 | G28: 6 | J28: Boom | M28: =Econ!A84 -> Mat Primas | O28: =Econ!C84+Econ!E84 -> 0.66 | P28: =IF(Econ!F84<1,1,((O28-1)/Econ!E84)) -> -1.030303 | Q28: =1-P28 -> 2.030303
B30: Ship Types
C31: Ship Size | D31: TTC | E31: A | F31: B | G31: C | H31: D | I31: E | J31: F | M31: A | N31: 0.15 | Q31: No
B32: Acorazado | C32: 4 | D32: 4 | E32: 10 | F32: 8 | G32: 7 | H32: 6 | I32: 6 | J32: 6 | M32: B | N32: 0.2 | Q32: Si
B33: Crucero | C33: 2 | D33: 2 | E33: 6 | F33: 5 | G33: 4 | H33: 4 | I33: 4 | J33: 4 | M33: C | N33: 0.25
B34: Destructor | C34: 1 | D34: 1 | E34: 3 | F34: 3 | G34: 2 | H34: 2 | I34: 2 | J34: 2 | M34: D | N34: 0.3
B35: Cañonera | C35: 1 | D35: 1 | E35: 3 | F35: 3 | G35: 2 | H35: 2 | I35: 2 | J35: 2 | M35: E | N35: 0.35
B36: Submarino | C36: 2 | D36: 2 | E36: 6 | F36: 5 | G36: 4 | H36: 4 | I36: 4 | J36: 4 | M36: F | N36: 0.4
B37: Transporte | C37: 2 | D37: 2 | E37: 4 | F37: 4 | G37: 4 | H37: 4 | I37: 4 | J37: 4
D39: Line
B40: A | C40: 4 | D40: 1 | E40: =VLOOKUP(Econ!E153,ShipQlookup,2) -> #N/A
B41: B | C41: 5 | D41: 2 | E41: =VLOOKUP(Econ!E154,ShipQlookup,2) -> #N/A
B42: C | C42: 6 | D42: 3 | E42: =VLOOKUP(Econ!E154,ShipQlookup,2) -> #N/A
B43: D | C43: 7 | D43: 4 | E43: =VLOOKUP(Econ!E155,ShipQlookup,2) -> #N/A
B44: E | C44: 8 | D44: 5 | E44: =VLOOKUP(Econ!E156,ShipQlookup,2) -> #N/A
B45: F | C45: 9 | D45: 6 | E45: =VLOOKUP(Econ!E157,ShipQlookup,2) -> #N/A
D46: 7 | E46: =VLOOKUP(Econ!E158,ShipQlookup,2) -> #N/A
